 Dungeon Crawl Stone Soup version 0.27-a0-887-gcab673c142 (webtiles) character file.

Game seed: 16778017296591845207

24559 jestyr24 the Covert (level 12, -2/95 HPs)
             Began as a Demonspawn Hedge Wizard on Apr 4, 2021.
             Was a High Priest of Wu Jian.
             Slain by Snorg (10 damage)
             ... on level 4 of the Lair of Beasts.
             The game lasted 02:50:10 (20889 turns).

jestyr24 the Covert (Demonspawn Hedge Wizard)      Turns: 20889, Time: 02:50:11

Health: -2/95      AC: 11    Str: 14    XL:     12   Next: 81%
Magic:  21/26      EV: 17    Int: 16    God:    Wu Jian [*****.]
Gold:   1111       SH:  5    Dex: 18    Spells: 14/31 levels left

rFire    . . .     SeeInvis +   a - +9 scimitar
rCold    . . .     Faith    +   t - +0 buckler
rNeg     . . .     Spirit   .   M - +2 troll leather armour
rPois    .         Reflect  .   (helmet unavailable)
rElec    .         Harm     .   G - +0 cloak {Will+}
rCorr    .         Rampage  .   I - +0 pair of gloves
Will     ++...                  C - +1 pair of boots
Stlth    ++++++....             c - amulet of faith
HPRegen  1.25/turn              (no ring)
MPRegen  0.20/turn              w - ring of willpower

@: mighty, agile, very slightly contaminated
A: antennae 3, thin skeletal structure 1, powered by pain 1, demonic magic 3,
hooves 1, strong 1
a: Renounce Religion, Wall Jump, Serpent's Lash, Heavenly Storm


You were on level 4 of the Lair of Beasts.
You worshipped Wu Jian.
Wu Jian was extremely pleased with you.
You visited 2 branches of the dungeon, and saw 16 of its levels.

You collected 1111 gold pieces.

Inventory:

Hand Weapons
 a - a +9 scimitar (weapon)
 b - a +1 rapier
 r - a +2 vorpal mace
 H - the +5 demon whip "Spellbinder" {antimagic, Will+}
   (You found it on level 9 of the Dungeon)

   It reduces the magical energy of the wielder, and disrupts the spells and
   magical abilities of those hit.
   Natural abilities and divine invocations are not affected.
   It increases your willpower.
 L - a +2 short sword of venom
Missiles
 j - 10 curare-tipped darts
 n - 35 poisoned darts (quivered)
 x - 16 boomerangs
Armour
 e - a +1 robe of willpower
 q - +0 acid dragon scales
 t - a +0 buckler (worn)
 u - a +1 leather armour of poison resistance
 y - +0 fire dragon scales
 z - a +2 leather armour of fire resistance
 C - a +1 pair of boots (worn)
 G - a +0 cloak of willpower (worn)
 I - a +0 pair of gloves (worn)
 K - a +0 tower shield
 M - a +2 troll leather armour (worn)
Jewellery
 c - an amulet of faith (around neck)
 w - a ring of willpower (right hand)
 A - a ring of ice
 O - a ring of ice
 S - an amulet of guardian spirit
Wands
 v - a wand of digging (5)
 D - a wand of polymorph (11)
 R - a wand of random effects (20)
Scrolls
 d - 5 scrolls of teleportation
 i - a scroll of magic mapping
 s - 4 scrolls of amnesia
 E - a scroll of acquirement {unknown}
 F - a scroll of holy word {unknown}
 J - a scroll of enchant armour
 N - a scroll of fear
Potions
 f - a potion of haste
 g - 9 potions of curing
 h - 2 potions of resistance
 k - 3 potions of brilliance
 l - 2 potions of might {unknown}
 m - 2 potions of flight
 o - a potion of invisibility
 p - 3 potions of heal wounds
 B - 2 potions of cancellation {unknown}
 Q - a potion of attraction {unknown}
Miscellaneous
 P - a phial of floods (inert)


   Skills:
 - Level 9.0 Fighting
 + Level 9.3 Short Blades
 + Level 3.8 Armour
 - Level 1.7 Dodging
 - Level 10.4 Stealth
 - Level 4.0 Shields
 - Level 10.0 Spellcasting
 - Level 1.8 Conjurations
 - Level 5.6 Hexes
 - Level 1.0 Summonings
 - Level 2.9 Translocations


You had 14 spell levels left.
You knew the following spells:

 Your Spells              Type           Power      Damage    Failure   Level
a - Magic Dart            Conj           56%        1d5       5%          1
b - Blink                 Tloc           N/A        N/A       4%          2
c - Confusing Touch       Hex            26%        N/A       3%          3
d - Tukima's Dance        Hex            26%        N/A       3%          3
e - Cause Fear            Hex            13%        N/A       11%         4
f - Slow                  Hex            26%        N/A       1%          2
g - Ensorcelled Hibernat  Hex/Ice        34%        N/A       5%          2

Your spell library contained the following spells:

 Spells                   Type           Power      Damage    Failure   Level
 Corona                   Hex            28%        N/A       1%          1
 Dazzling Flash           Conj/Hex       40%        N/A       7%          3
 Animate Skeleton         Necr           16%        N/A       11%         1
 Pain                     Necr           32%        1d5       11%         1
 Sting                    Tmut/Pois      32%        1d4       11%         1
 Call Imp                 Summ           11%        N/A       11%         2
 Poisonous Vapours        Pois/Air       16%        N/A       17%         2
 Conjure Flame            Conj/Fire      11%        6-21      22%         3
 Mephitic Cloud           Conj/Pois/Air  10%        N/A       26%         3
 Ignite Poison            Fire/Tmut/Pois 8%         N/A       32%         3
 Vampiric Draining        Necr           4%         2d6       32%         3
 Silence                  Hex/Air        8%         N/A       67%         5
 Yara's Violent Unravell  Hex/Tmut       8%         3d5       67%         5
 Animate Dead             Necr           4%         N/A       73%         4
 Agony                    Necr           8%         N/A       97%         5
 Alistair's Intoxication  Tmut/Pois      5%         N/A       97%         5
 Discord                  Hex            13%        N/A       100%        8


Dungeon Overview and Level Annotations

Branches:
Dungeon (12/15)            Temple (0/1) D:6            Lair (4/6) D:8
  Swamp (0/4) Lair:3       Spider (0/4) Lair:3          Orc (0/2) D:12

Altars:
Ashenzari
Fedhas
Gozag
Qazlal
Ru
Vehumet
Wu Jian
Zin

Shops:
D:5 :*

Annotations:
D:5 2 transporters, Grognak's ghost, novice OgFi
D:8 exclusion: ice statue
D:9 2 transporters
D:12 indyram44's ghost, journeyman GrGl
Lair:2 exclusion: 2 oklob plants
Lair:4 Snorg


Innate Abilities, Weirdness & Mutations

You have a pair of large antennae on your head. (SInv)
You have a somewhat thin skeletal structure. (Dex +2, Stealth)
You sometimes gain a little power by taking damage.
Spells you cast and wands you use may paralyse nearby enemies.
You have large cloven feet.
Your muscles are strong. (Str +2)


Message History

Aiming: Magic Dart (safe; 5% risk of failure)
Press: ? - help, Shift-Dir - straight line, f/p - Snorg
Aim: Snorg (berserk, 0% to evade)
The magic dart hits Snorg.
Snorg is lightly wounded.
Malevolent energies surge around you.
Casting: Magic Dart (safe; 5% risk of failure)
Confirm with . or Enter, or press ? or * to list all spells.
Aiming: Magic Dart (safe; 5% risk of failure)
Press: ? - help, Shift-Dir - straight line, f/p - Snorg
Aim: Snorg (berserk, 0% to evade)
You miscast Magic Dart.
You are very lightly contaminated with residual magic.
Nothing appears to happen.
A rime drake comes into view.
The rime drake breathes ice at you. The flash freeze hits you!
You focus on the pain.
You feel very mighty all of a sudden.
You are encased in ice.
You block Snorg's attack. Snorg barely misses you. x2
Snorg misses you. Snorg barely misses you. Snorg claws you!
You spin and attack Snorg.
You slash Snorg!
Snorg is lightly wounded.
Snorg bites you but does no damage. Snorg closely misses you. Snorg claws you.
The ice encasing you melts away. Snorg bites you!! You block Snorg's attack.
Snorg claws you!!
* * * LOW HITPOINT WARNING * * *
You focus on the pain.
You feel agile all of a sudden.
Casting: Magic Dart (safe; 5% risk of failure)
Confirm with . or Enter, or press ? or * to list all spells.
You miscast Blink.
Nothing appears to happen.
Snorg bites you!!
* * * LOW HITPOINT WARNING * * *
You focus on the pain.
You feel mightier all of a sudden. Snorg claws you but does no damage.
You block Snorg's attack. Snorg completely misses you.
You riposte.
You slice Snorg!!
Snorg is moderately wounded.
Snorg barely misses you. Snorg claws you!
You die...

##..# .####....#.P.#### .
#P..P###.#......P.#..#.##.
##........................
#P........................
#........................
#.......<................
#........................
#...P###.TP.(..(....#.####
.... #.@......(.Y#.###..
##. #....#.....#..Y<...# #
#...##............(..
.....# .....#........#
........ .....#.......#.
........ ............#
..#..... ....#........
..##### ....###.#...P ....
P..#...


You could see Snorg (berserk).

Vanquished Creatures
  A fire dragon (D:10)
  A hydra (Lair:3)
  2 two-headed ogres
  4 death yaks
  A skeletal warrior (D:11)
  A bog body (Lair:3)
  A cyclops (D:11)
  A manticore (D:9)
  2 black mambas
  3 cane toads
  2 komodo dragons
  A freezing wraith (D:9)
  3 trolls (D:10)
  A polar bear (Lair:1)
  8 blink frogs
  A shadow (D:11)
  41 yaks
  3 wyverns
  A basilisk (Lair:2)
  A vampire mosquito (D:9)
  A steam dragon (Lair:2)
  Edmund (D:4)
  An acid dragon (D:12)
  6 water moccasins
  2 orc warriors
  2 ice beasts (D:6)
  2 sky beasts
  4 ogres
  4 wolves (Lair:3)
  10 centaurs
  2 phantoms
  2 kobold brigands
  10 bullfrogs
  3 scorpions
  13 wights
  6 howler monkeys
  2 orc priests
  4 centaur zombies
  3 jellies (D:6)
  Crazy Yiuf (D:3)
  3 hounds
  A centaur skeleton (D:5)
  3 iguanas
  10 orc wizards
  2 hound skeletons (D:2)
  A mummy (D:5)
  5 adders
  A shadow imp (D:7)
  A white imp (D:7)
  2 ufetubi
  3 worms (D:2)
  20 orcs
  7 ball pythons
  6 bats
  6 endoplasms
  3 giant cockroaches
  13 goblins
  14 hobgoblins
  4 jackals (D:1)
  10 kobolds
  4 quokkas
  4 frilled lizards
  A hobgoblin zombie (D:5)
  A kobold zombie (D:5)
  2 orc zombies (D:5)
  5 rats
290 creatures vanquished.

Vanquished Creatures (others)
  A bush (Lair:2)
  13 fungi
  23 plants
37 creatures vanquished.

Grand Total: 327 creatures vanquished

Notes
Turn   | Place    | Note
-------+----------+-------------------------------------------
     0 | D:1      | jestyr24 the Demonspawn Hedge Wizard began the quest for
                  | the Orb.
     0 | D:1      | Reached XP level 1. HP: 13/13 MP: 4/4
   472 | D:1      | Gained mutation: You have a somewhat thin skeletal
                  | structure. (Dex +2, Stealth) [demonic ancestry]
   472 | D:1      | Reached XP level 2. HP: 20/20 MP: 3/6
  1425 | D:1      | Reached skill level 1 in Fighting
  1555 | D:1      | Gained mutation: You sometimes gain a little power by
                  | taking damage. [demonic ancestry]
  1555 | D:1      | Reached XP level 3. HP: 22/26 MP: 4/8
  2048 | D:1      | Learned a level 2 spell: Blink
  2408 | D:2      | Reached skill level 1 in Translocations
  3193 | D:2      | Found a faded altar of an unknown god.
  3199 | D:2      | Became a worshipper of the Wu Jian Council
  3199 | D:2      | Reached * piety under Wu Jian
  3325 | D:2      | Gained mutation: Spells you cast may paralyse adjacent
                  | enemies. [demonic ancestry]
  3325 | D:2      | Reached XP level 4. HP: 27/32 MP: 7/10
  4247 | D:3      | Found a runed translucent door.
  4248 | D:3      | Noticed Crazy Yiuf
  4261 | D:3      | Killed Crazy Yiuf
  4262 | D:3      | Gained mutation: You have a pair of small antennae on your
                  | head. [demonic ancestry]
  4262 | D:3      | Reached XP level 5. HP: 38/38 MP: 6/11
  4775 | D:3      | Found an opulent altar of Gozag.
  5172 | D:4      | Noticed a phantom
  5183 | D:4      | Killed a phantom
  5184 | D:4      | Reached skill level 1 in Short Blades
  5256 | D:4      | Noticed Edmund
  5277 | D:4      | Killed Edmund
  5278 | D:4      | Reached skill level 5 in Spellcasting
  5278 | D:4      | Reached XP level 6. HP: 40/46 MP: 7/13
  6114 | D:4      | Gained mutation: Spells you cast may paralyse nearby
                  | enemies. [demonic ancestry]
  6114 | D:4      | Reached XP level 7. HP: 37/51 MP: 4/15
  6177 | D:5      | Entered Level 5 of the Dungeon
  6177 | D:5      | Found Zin's Purification Station.
  6405 | D:4      | Reached ** piety under Wu Jian
  7353 | D:5      | Found a transporter.
  7356 | D:5      | Noticed Grognak's ghost (novice OgFi)
  7557 | D:5      | Found Gesheb's Book Shoppe.
  7571 | D:5      | Found a transporter.
  7908 | D:6      | Reached XP level 8. HP: 58/58 MP: 11/16
  7958 | D:6      | Reached skill level 5 in Stealth
  7958 | D:6      | Reached skill level 1 in Shields
  8230 | D:6      | Found a stormy altar of Qazlal.
  8520 | D:6      | Found a staircase to the Ecumenical Temple.
  8844 | D:7      | Found a broken altar of Ashenzari.
  9085 | D:7      | Gained mutation: Spells you cast and wands you use may
                  | paralyse nearby enemies. [demonic ancestry]
  9085 | D:7      | Reached XP level 9. HP: 58/65 MP: 9/17
  9203 | D:7      | HP: 3/65 [orc wizard/puff of flame (2)]
 10055 | D:9      | Reached *** piety under Wu Jian
 10063 | D:9      | Reached skill level 5 in Short Blades
 10070 | D:9      | Reached skill level 5 in Fighting
 10264 | D:9      | Found a transporter.
 10270 | D:9      | Found a transporter.
 10270 | D:9      | Noticed a cyclops
 10270 | D:9      | Noticed a deep elf pyromancer
 10271 | D:9      | Noticed a boulder beetle
 10271 | D:9      | Noticed a fire dragon
 10276 | D:9      | Found a sacrificial altar of Ru.
 10288 | D:9      | Gained mutation: You have a pair of antennae on your head.
                  | [demonic ancestry]
 10288 | D:9      | Reached XP level 10. HP: 74/74 MP: 19/19
 10305 | D:9      | Noticed a skeletal warrior
 10316 | D:9      | HP: 3/74 [skeletal warrior/+0 war axe (8)]
 11363 | D:9      | Noticed a manticore
 11370 | D:9      | Killed a manticore
 11466 | D:9      | Found the +5 demon whip "Spellbinder" {antimagic, Will+}
 11634 | D:9      | Identified Sif Muna's Compendium of Poison
 11636 | D:9      | Identified the +1 plate armour "Yloadich" {rPois rF+}
 11936 | D:8      | Noticed an ice statue
 12245 | D:8      | Found a staircase to the Lair.
 13304 | D:10     | Entered Level 10 of the Dungeon
 13529 | D:10     | Learned a level 3 spell: Confusing Touch
 13614 | D:10     | Reached skill level 1 in Hexes
 13631 | D:10     | Gained mutation: You have a pair of large antennae on your
                  | head. (SInv) [demonic ancestry]
 13631 | D:10     | Reached XP level 11. HP: 84/84 MP: 20/23
 13859 | D:10     | Found a blossoming altar of Fedhas.
 13997 | D:10     | Noticed a fire dragon
 14011 | D:10     | Killed a fire dragon
 14289 | D:11     | Found a flagged portal.
 14290 | D:11     | Reached **** piety under Wu Jian
 14603 | D:11     | Noticed a skeletal warrior
 14603 | D:11     | Noticed a skeletal warrior
 14637 | D:11     | Noticed a two-headed ogre
 14637 | D:11     | Noticed a two-headed ogre
 14715 | D:11     | Killed a two-headed ogre
 15210 | D:12     | Noticed indyram44's ghost (journeyman GrGl)
 15211 | D:12     | Noticed an eight-headed hydra
 15339 | D:12     | Found a staircase to the Orcish Mines.
 15467 | D:11     | Gained mutation: You have large cloven feet. [potion of
                  | mutation]
 15467 | D:11     | Gained mutation: Your muscles are strong. (Str +2) [potion
                  | of mutation]
 15537 | D:10     | Killed a two-headed ogre
 15662 | D:11     | Learned a level 3 spell: Tukima's Dance
 15996 | D:12     | Noticed a two-headed ogre
 16068 | D:11     | Noticed a skeletal warrior
 16069 | D:11     | Noticed a skeletal warrior
 16094 | D:11     | Killed a skeletal warrior
 16095 | D:11     | Reached skill level 10 in Spellcasting
 16241 | Lair:1   | Entered Level 1 of the Lair of Beasts
 17459 | Lair:2   | Reached XP level 12. HP: 69/92 MP: 20/26
 17489 | Lair:2   | Reached skill level 5 in Hexes
 17590 | Lair:2   | Found a radiant altar of Vehumet.
 18048 | Lair:2   | Noticed a seven-headed hydra
 18992 | Lair:3   | Found a hole to the Spider Nest.
 19003 | Lair:3   | Learned a level 4 spell: Cause Fear
 19041 | Lair:3   | Reached skill level 10 in Stealth
 19336 | Lair:3   | Noticed a four-headed hydra
 19475 | Lair:3   | Found a staircase to the Swamp.
 19485 | Lair:3   | Reached ***** piety under Wu Jian
 19624 | Lair:3   | Learned a level 2 spell: Slow
 19668 | Lair:3   | Killed a four-headed hydra
 19992 | Lair:4   | Noticed a death yak
 19992 | Lair:4   | Noticed a death yak
 19992 | Lair:4   | Noticed a death yak
 19992 | Lair:4   | Noticed a death yak
 19993 | Lair:4   | Noticed a death yak
 19993 | Lair:4   | Noticed a death yak
 20420 | Lair:2   | Learned a level 2 spell: Ensorcelled Hibernation
 20430 | Lair:3   | Killed a death yak
 20431 | Lair:3   | Reached skill level 1 in Armour
 20497 | Lair:3   | Killed a death yak
 20538 | Lair:4   | Noticed Snorg
 20679 | Lair:3   | Killed a death yak
 20775 | Lair:2   | Killed a death yak
 20889 | Lair:4   | Slain by Snorg

Illustrated notes

Levels and vault maps discovered:
D:1:      scummos_arrival_star, layout_basic, moated_statue
D:2:      layout_loops_ring, basic_ecumenical_altar, minmay_misc_feat_plants,
          minmay_misc_feat_five
D:3:      corexii_shack_village, layout_basic, nicolae_gozag_seed_capital,
          uniq_crazy_yiuf_cottage
D:4:      layout_loops_corners, uniq_edmund
D:5:      layout_basic, zin_purify, serial_shops, shop,
          gammafunk_ghost_stat_death, minmay_misc_feat_columns,
          minmay_liquid_box, moated_statue, minmay_mini_ossuary
D:6:      layout_basic, lemuel_round_altar, temple_doors_cd
D:7:      layout_basic, nicolae_ashenzari_skybound
D:8:      cheibrodos_frozen_isle, layout_basic, dpeg_oklobed_lair
D:9:      layout_stronghold, gammafunk_temple_overflow_arena,
          minmay_diamond_spiral
D:10:     dragon1_lemuel, layout_long_grid, lemuel_doored_altar,
          minmay_fractal_squares_gapless_5
D:11:     layout_small_grid, enter_bailey_3
D:12:     layout_loops_ring, orc_0_dummy, gammafunk_ghost_split
Lair:1:   layout_regular_city
Lair:2:   layout_cave_pods, basic_altar, st_stairs_6,
          chequers_serial_rivers_marsh, chequers_serial_rivers_small_a,
          minmay_lair_oklob_chamber, serial_bayou_shore_b, lemuel_fruit_tree,
          lemuel_fruit_fields
Lair:3:   layout_gridlike, skrybe_swamp_entry_bodies, spider_nest_entry_a,
          grunt_megastairs_5
Lair:4:   layout_regular_city, beast_lair_carwin_4, uniq_snorg

Skill      XL: |  1  2  3  4  5  6  7  8  9 10 11 12 |
---------------+-------------------------------------+-----
Fighting       | 1 2 3 4 5 7 8 9 |  9.0
Translocations | 1 2 |  2.9
Spellcasting   | 4 5 6 8 10 | 10.0
Short Blades   | 1 2 3 6 7 8 9 |  9.3
Stealth        | 2 4 7 8 9 10 | 10.4
Shields        | 2 4 |  4.0
Hexes          | 1 4 5 |  5.6
Armour         | 3 |  3.8
Dodging        | |  1.7
Conjurations   | |  1.8
Summonings     | |  1.0

Action                   |  1- 3 |  4- 6 |  7- 9 | 10-12 || total
-------------------------+-------+-------+-------+-------++-------
Melee: Dagger            |    51 |    57 |   104 |    71 ||   283
       Rapier            |       |       |       |   158 ||   158
       Scimitar          |       |       |       |   149 ||   149
Throw: Boomerang         |       |       |       |     9 ||     9
       Dart              |       |       |       |     9 ||     9
 Cast: Magic Dart        |   150 |   120 |   146 |   298 ||   714
       Blink             |       |       |     3 |    37 ||    40
       Tukima's Dance    |       |       |       |     2 ||     2
       Confusing Touch   |       |       |       |     7 ||     7
       Slow              |       |       |       |     5 ||     5
       Cause Fear        |       |       |       |     1 ||     1
       Ensorcelled Hiber |       |       |       |     1 ||     1
Invok: Lunge             |     1 |     1 |    23 |    48 ||    73
       Whirlwind         |       |     1 |     5 |    11 ||    17
       Serpent's Lash    |       |       |       |     1 ||     1
Evoke: Wand              |       |       |       |     1 ||     1
       Phial of floods   |       |       |       |     1 ||     1
  Use: Scroll            |     2 |       |     9 |    17 ||    28
       Potion            |       |       |       |     2 ||     2
 Stab: Paralysed         |       |    28 |    52 |    89 ||   169
       Sleeping          |       |     2 |     9 |    21 ||    32
       Distracted        |       |       |       |     2 ||     2
Armor: Robe              |    16 |    13 |    30 |    12 ||    71
       Troll leather arm |       |       |       |   127 ||   127
Dodge: Dodged            |    39 |    34 |    52 |   287 ||   412
Block: Buckler           |       |     2 |    28 |   125 ||   155
       Rpst.: Scimitar   |       |       |       |    32 ||    32

Table legend: (Time is in decaauts)
 A = Elapsed time spent in this place.
 B = Non-inter-level travel time spent in this place.
 C = Inter-level travel time spent in this place.
 D = Time resting spent in this place.
 E = Time spent auto-exploring this place.
 F = Levels seen in this place.
 G = Mean time per level.
                   A        B        C        D        E       F      G
               +--------+--------+--------+--------+--------+-----+--------+
         Total |  20924 |  20019 |    905 |   4489 |   9588 |  16 | 1307.8 |
       Dungeon |  16263 |  15576 |    687 |   3769 |   8197 |  12 | 1355.2 |
          Lair |   4660 |   4442 |    218 |    720 |   1391 |   4 | 1165.0 |
               +--------+--------+--------+--------+--------+-----+--------+

Top non-repeatable levels by time:
     D:1: 2188 daAuts
     D:9: 1998 daAuts
  Lair:3: 1846 daAuts
  Lair:2: 1711 daAuts
     D:4: 1689 daAuts
     D:2: 1566 daAuts
     D:8: 1448 daAuts
    D:11: 1438 daAuts
     D:3: 1380 daAuts
    D:10: 1234 daAuts
     D:7: 1079 daAuts
  Lair:1: 1048 daAuts
     D:6: 1015 daAuts
     D:5: 1004 daAuts
    D:12: 220 daAuts
